 Dungeon Crawl Stone Soup version 0.32-a0-519-g08f29ac1c3 (webtiles) character file.

Game seed: 10202739733171436399

6426 kae the Mimic (level 10, -4/91 HPs)
             Began as a Red Draconian Shapeshifter on Feb 27, 2024.
             Was a Believer of Ru.
             Succumbed to Sonja's poison
             ... on level 10 of the Dungeon.
             The game lasted 00:08:40 (8558 turns).

kae the Mimic (Red Draconian Shapeshifter)          Turns: 8558, Time: 00:08:40

Health: -4/91      AC:  7    Str: 16    XL:     10   Next: 67%
Magic:  9/19       EV: 16    Int: 10    God:    Ru [**....]
Gold:   1359       SH:  0    Dex: 16    Spells: 9/9 levels left

rFire   + +          .
                       - Unarmed
rCold   . . .        (shield currently unavailable)
rNeg    + . .        (body armour unavailable)
rPois   .            (helmet restricted)
rElec   .            (no cloak)
rCorr   .            (no gloves)
SInv    .            (no boots)
Will    .....        w - amulet "Udeligeah" {Spirit rF+ rN+}
Stlth   +            W - ring of magical power
HPRegen 0.35/turn    (no ring)
MPRegen 0.16/turn

%: guardian spirit
@: lethally poisoned (-4 -> -49), flux-form, glowing, studying Polearms
A: glow, contaminating, combustion breath, AC +7, unfitting armour, fire
resistance 1, cold-blooded, inability to use devices
a: Combustion Breath, Begin Untransformation, Renounce Religion


You were on level 10 of the Dungeon.
You worshipped Ru.
Ru was pleased with you.
You were something dangerously unstable.
You visited 2 branches of the dungeon, and saw 11 of its levels.

You collected 1443 gold pieces.
You spent 84 gold pieces at shops.


Innate Abilities, Weirdness & Mutations

You are something dangerously unstable.
You glow with magical radiation, making you easy to see and hit.
Foes you strike become dangerously contaminated with magical radiation.
You are incapable of wielding weapons or throwing items.
You can breathe blasts of explosive embers.
Your fiery red scales are hard. (AC +7)
You cannot fit into any form of body armour.
Your flesh is heat resistant. (rF+)
You are cold-blooded and may be slowed by cold attacks.
You cannot study or use magical devices.


   Skills:
 + Level 9.0 Fighting
 - Level 1.7 Dodging
 + Level 8.7 Unarmed Combat
 * Level 11.0 Shapeshifting


You had 9 spell levels left.
You didn't know any spells.
Your spell library contained the following spells:

 Spells                   Type           Power      Damage    Failure   Level
 Scorch                   Fire           0%         2d5       50%         2
 Hailstorm                Conj/Ice       0%         3d5       75%         3
 Summon Ice Beast         Ice/Summ       0%         N/A       75%         3
 Animate Dead             Necr           0%         N/A       98%         4
 Flame Wave               Conj/Fire      0%         2d4       98%         4
 Vhi's Electric Charge    Tloc/Air       0%         N/A       98%         4
 Arcjolt                  Conj/Air       0%         1d10      100%        5
 Borgnjor's Vile Clutch   Necr/Erth      0%         N/A       100%        5
 Death Channel            Necr           0%         N/A       100%        6
 Plasma Beam              Fire/Air       0%         2x1d10    100%        6
 Sculpt Simulacrum        Ice/Alch       0%         N/A       100%        6
 Summon Cactus Giant      Summ           0%         N/A       100%        6

Inventory:

Missiles
 e - 80 stones (quivered)
 h - 3 boomerangs
 k - 2 javelins
 p - 12 poisoned darts
 z - 2 throwing nets {=f!f}
Armour
 d - a +2 pair of gloves
   (You found it on level 1 of the Dungeon)
Magical Staves
 u - a staff of alchemy {!a}
   (You found it on level 4 of the Dungeon)
Jewellery
 g - an amulet of regeneration
   (You found it on level 4 of the Dungeon)
 w - the amulet "Udeligeah" (around neck) {Spirit rF+ rN+}
   (You found it on level 7 of the Dungeon)

   [amulet of guardian spirit]

   Spirit:    It causes incoming damage to be divided between your reserves of
   health and magic.
   rF+:       It protects you from fire.
   rN+:       It protects you from negative energy.
 F - a ring of protection from fire
   (You found it on level 8 of the Dungeon)
 W - a ring of magical power (left hand)
   (You found it on level 4 of the Dungeon)
Talismans
 b - a beast talisman
 c - a flux talisman (active)
Scrolls
 f - 4 scrolls of teleportation {@r4}
 l - a scroll of fear
 m - 2 scrolls of immolation {!r!r}
 n - a scroll of vulnerability {!r!r}
 o - 2 scrolls of revelation
 r - a scroll of poison {!r}
 x - 3 scrolls of blinking {!r}
 C - a scroll of enchant weapon
Potions
 a - 2 potions of haste {@q3}
 i - 4 potions of might
 j - 2 potions of enlightenment
 q - 3 potions of curing {@q1}
 s - 3 potions of heal wounds {@q2}
 v - 4 potions of mutation {!q}
 A - a potion of magic
 B - a potion of berserk rage {!q}
 E - a potion of cancellation

Dungeon Overview and Level Annotations

Branches:
Dungeon (10/15) Zot: 26738  Temple (1/1) D:7 Zot: 5971    Lair (0/5) D:8
    Orc (0/2) D:9

Altars:
Ashenzari
Cheibriados
Dithmenos
Elyvilon
Fedhas
Gozag
Hepliaklqana
Kikubaaqudgha
Makhleb
Nemelex Xobeh
Okawaru
Qazlal
Ru
Sif Muna
Trog
Uskayaw
Vehumet
Wu Jian
Yredelemnul
Zin

Shops:
D:1 :   D:2 ?

Annotations:
D:2 Terence
D:10 Sonja

########+###
#..........#
#..........+
#..........#
#...K......#
#...p......#
#....>.....#
#...<......####.
#...............
########..###....
..<.......# ###.
.########.##
....K.....#
..........#


You could see Sonja (contam, misshapen).


Message History

Sonja shudders as magic cascades through her!
Sonja twists and deforms.
You tail-slap Sonja.
* * * LOW HITPOINT WARNING * * *
You feel extremely sick.
Sonja casts a spell.
Sonja blinks! 😨 HP[-11]
You take 11 damage, and now have 33/91 hp.
Unknown command.
* * * LOW HITPOINT WARNING * * *
You feel extremely sick.
Sonja stops glowing.
Sonja throws a curare-tipped dart.
The curare-tipped dart barely misses you. 😨 HP[-10]
You take 10 damage, and now have 23/91 hp.
Unknown command.
Okay, then.
Aiming: Combustion Breath
Press: ? - help, Shift-Dir - straight line, f - Sonja
Aim: Sonja, wielding a +0 short sword of venom and quivering curare-tipped darts (almost dead, misshapen and mutated, 57% to hit)
You breathe a blast of explosive embers.
You fail to use your ability.
* * * LOW HITPOINT WARNING * * *
You feel extremely sick.
Sonja casts a spell.
Sonja blinks! 😱 HP[-7]
You take 7 damage, and now have 16/91 hp.
Aiming: Combustion Breath
Press: ? - help, Shift-Dir - straight line, f - you, p - Sonja You breathe a blast of explosive embers.
* * * LOW HITPOINT WARNING * * *
You feel extremely sick.
Sonja plants her feet in a plie.
Sonja throws a curare-tipped dart.
The curare-tipped dart closely misses you. 😱 HP[-7] MP[+1]
You take 7 damage, and now have 9/91 hp.
Unknown command.
Aiming: Combustion Breath
Press: ? - help, Shift-Dir - straight line, f - you
Okay, then.
Unknown command.
You feel better. 😱 HP[+9]
You regained 9 hp, and now have 18/91 hp.
You redirect Sonja's attack! 😱 HP[+1]
Aiming: Combustion Breath
Press: ? - help, Shift-Dir - straight line, f - Sonja
Aim: Sonja, wielding a +0 short sword of venom and quivering curare-tipped darts (almost dead, misshapen and mutated, 57% to hit)
You breathe a blast of explosive embers.
The explosive embers misses Sonja.
Sonja mumbles some strange words.
Sonja blinks!
Okay, then.
Okay, then.
Sonja casts a spell.
Sonja blinks!
Sonja is stunned by your conviction and fails to attack. 😱 HP[+1] Unknown command.
Unknown command.
You hit Sonja.
Sonja begins to glow.
Sonja hits you with a +0 short sword of venom.
* * * LOW HITPOINT WARNING * * *
You are poisoned.
Sonja hits you with a +0 short sword of venom.
* * * LOW HITPOINT WARNING * * *
You are more poisoned.
Sonja barely misses you.
You miss Sonja.
You feel very sick.
Sonja hits you with a +0 short sword of venom.
* * * LOW HITPOINT WARNING * * *
You are lethally poisoned!
Sonja hits you with a +0 short sword of venom.
You are more poisoned.
Sonja hits you with a +0 short sword of venom.
* * * LOW HITPOINT WARNING * * *
You are more poisoned. 😱 HP[-7] MP[-5]
You take 7 damage, and now have 13/91 hp.
You lost 5 mp, and now have 10/19 mp.
You barely miss Sonja.
* * * LOW HITPOINT WARNING * * *
You feel extremely sick.
Sonja hits you with a +0 short sword of venom.
* * * LOW HITPOINT WARNING * * *
Sonja hits you but does no damage. Sonja misses you.
Sonja hits you but does no damage.
You are more poisoned.
Sonja closely misses you. Sonja hits you but does no damage.
You are more poisoned. 😱 HP[-9] MP[-1]
You take 9 damage, and now have 4/91 hp.
You lost 1 mp, and now have 9/19 mp.
You barely miss Sonja.
You die...
Ru respects your ultimate sacrifice.

Skill      XL: |  1  2  3  4  5  6  7  8  9 10 |
---------------+-------------------------------+-----
Fighting       | 2 3 4 5 6 8 9 |  9.0
Shapeshifting  | 4 5 6 8 10 11 | 11.0
Unarmed Combat | 4 5 6 7 8 |  8.7
Dodging        | |  1.7

Action                     |  1- 3 |  4- 6 |  7- 9 | 10-12 || total
---------------------------+-------+-------+-------+-------++-------
  Melee: Unarmed           |    97 |   179 |   289 |    94 ||   659
         Tailslap          |     7 |    22 |    45 |    21 ||    95
         Punch             |     3 |     3 |    17 |       ||    23
 Invoke: Sacrifice Artific |       |       |     1 |       ||     1
Ability: Combustion Breath |       |       |     2 |     4 ||     6
  Evoke: Wand              |       |       |     7 |       ||     7
    Use: Scroll            |       |    11 |     8 |     6 ||    25
         Potion            |       |     1 |     1 |     1 ||     3
   Stab: Invisible         |       |       |       |     2 ||     2
 Armour: Skin              |    42 |   100 |   225 |    73 ||   440
  Dodge: Dodged            |    53 |    77 |   208 |    81 ||   419
         Repelled          |     1 |       |     4 |       ||     5
   Form: Flux              |       |       |     1 |       ||     1

Levels and vault maps discovered:
D:1:      lordsloth_arrival_two_stooges, layout_basic, serial_shops, shop,
          basic_ecumenical_altar, minmay_pentomino_o4
D:2:      layout_loops_ring, serial_shops, nicolae_shop_real_fake_doors,
          minmay_misc_feat_ornament, uniq_terence, uniq_natasha
D:3:      layout_rooms, minmay_goblin_kobold_house
D:4:      layout_basic, minitemple, kennysheep_mini,
          chequers_serial_rivers_small_b, uniq_robin
D:5:      layout_cave_pools
D:6:      layout_cave_pods, mainiacjoe_overflow_cross_hatched
D:7:      layout_rooms, mainiacjoe_overflow_catwalk,
          minmay_temple_entry_poolview, serial_rivers,
          chequers_serial_rivers_micro_d, chequers_serial_rivers_large_b,
          chequers_serial_rivers_micro_d, chequers_serial_rivers_marsh,
          chequers_serial_rivers_micro_d, chequers_serial_rivers_micro_d,
          hangedman_abyss_or_decor_lesser_grid, dreamdust_wishing_well,
          minivault_4, minmay_manual_mail, uniq_jeremiah
D:8:      layout_basic, nicolae_overflow_crystal_walls,
          cheibrodos_ashenzari_chains, david_lair_generic, serial_glass,
          glass_columns_a, glass_columns_a, glass_columns_a, glass_columns_c
D:9:      layout_cave_pools, erik_orc_4, uniq_harold, uniq_grum
D:10:     layout_roguey, mainiacjoe_overflow_surrounded_room,
          nicolae_tso_swordbearing_angel, enter_trove_2, serial_shops, shop,
          minmay_pinched_square, uniq_sonja
Temple:   nicolae_temple_figure_eight

Notes
Turn   | Place    | Note
-------+----------+-------------------------------------------
     0 | D:1      | kae the Draconian Shapeshifter began the quest for the Orb.
     0 | D:1      | Reached XP level 1. HP: 16/16 MP: 1/1
     0 | D:1      | magus.rc [v1.11.3]
   115 | D:1      | Reached XP level 2. HP: 20/23 MP: 2/2
   244 | D:1      | Found Rosy's Book Shop.
   395 | D:1      | Found a faded altar of an unknown god.
   660 | D:1      | Reached XP level 3. HP: 27/29 MP: 3/3
   783 | D:2      | Noticed Natasha
   794 | D:1      | Reached skill level 2 in Fighting
   864 | D:2      | Killed Natasha
   953 | D:2      | Reached XP level 4. HP: 36/36 MP: 4/4
   953 | D:2      | Noticed Natasha
   965 | D:2      | Killed Natasha
   966 | D:2      | Reached skill level 4 in Shapeshifting
  1089 | D:2      | Noticed Natasha
  1095 | D:2      | Killed Natasha
  1323 | D:2      | Noticed Terence
  1673 | D:2      | Found Biazegg's Magic Scroll Shop.
  1676 | D:2      | Bought a scroll of identify for 24 gold pieces
  1676 | D:2      | Bought a scroll of teleportation for 36 gold pieces
  1676 | D:2      | Bought a scroll of identify for 24 gold pieces
  1922 | D:3      | Reached XP level 5. HP: 42/42 MP: 5/5
  1956 | D:3      | Noticed a phantom
  1979 | D:3      | Killed a phantom
  1980 | D:3      | Reached skill level 3 in Fighting
  1980 | D:3      | Reached skill level 4 in Unarmed Combat
  2506 | D:4      | Noticed Robin
  2532 | D:4      | Killed Robin
  2591 | D:4      | Reached XP level 6. HP: 45/51 MP: 6/6
  2612 | D:4      | Reached skill level 5 in Shapeshifting
  2851 | D:4      | Found a hazy altar of Hepliaklqana.
  2892 | D:4      | Noticed a hornet
  2903 | D:4      | Killed a hornet
  2904 | D:4      | Reached skill level 4 in Fighting
  2904 | D:4      | Your scales start taking on a fiery red colour.
  2904 | D:4      | Reached XP level 7. HP: 52/59 MP: 7/7
  2904 | D:4      | Gained mutation: Your flesh is heat resistant. (rF+) [Red
                  | Draconian growth]
  3172 | D:4      | Found an opulent altar of Gozag.
  3173 | D:4      | Found an iron altar of Okawaru.
  3181 | D:4      | Reached skill level 6 in Shapeshifting
  3290 | D:4      | Reached skill level 5 in Unarmed Combat
  3429 | D:5      | Entered Level 5 of the Dungeon
  4055 | D:6      | Reached skill level 5 in Fighting
  4055 | D:6      | Reached XP level 8. HP: 58/68 MP: 8/8
  4119 | D:6      | Reached skill level 7 in Shapeshifting
  4440 | D:6      | Found a white marble altar of Elyvilon.
  4665 | D:6      | Reached skill level 6 in Unarmed Combat
  4803 | D:7      | Noticed Jeremiah
  4963 | D:7      | Reached skill level 6 in Fighting
  4986 | D:7      | Killed Jeremiah
  4987 | D:7      | Reached skill level 8 in Shapeshifting
  5010 | D:7      | You pick up a book of the Tundra and begin reading...
  5010 | D:7      | You add the spells Hailstorm, Summon Ice Beast and Sculpt
                  | Simulacrum to your library.
  5102 | D:7      | Reached XP level 9. HP: 63/78 MP: 9/9
  5156 | D:7      | Identified the amulet "Udeligeah" {Spirit rF+ rN+}
  5405 | D:7      | Found a staircase to the Ecumenical Temple.
  5550 | D:7      | Found a glowing silver altar of Zin.
  5706 | Temple   | Entered the Ecumenical Temple
  5722 | Temple   | Became a worshipper of Ru the Awakened
  5874 | D:8      | You pick up a book of Scorching and begin reading...
  5874 | D:8      | You add the spells Scorch, Flame Wave and Summon Cactus
                  | Giant to your library.
  5982 | D:8      | Found a broken altar of Ashenzari.
  5983 | D:8      | You pick up a book of Lightning and begin reading...
  5983 | D:8      | You add the spells Vhi's Electric Charge, Arcjolt and
                  | Plasma Beam to your library.
  6002 | D:8      | Reached skill level 7 in Fighting
  6002 | D:8      | Reached skill level 7 in Unarmed Combat
  6008 | D:8      | Reached skill level 9 in Shapeshifting
  6125 | D:8      | HP: 19/79 [poisoned by a killer bee]
  6358 | D:8      | You pick up a book of Unlife and begin reading...
  6358 | D:8      | You add the spells Animate Dead, Borgnjor's Vile Clutch and
                  | Death Channel to your library.
  6381 | D:8      | Found a staircase to the Lair.
  6464 | D:8      | Found an ancient bone altar of Kikubaaqudgha.
  6876 | D:8      | Gained mutation: You cannot study or use magical devices.
                  | [Ru sacrifice]
  6876 | D:8      | Reached * piety under Ru
  6876 | D:8      | Reached ** piety under Ru
  6903 | D:9      | Identified the +1 barding of Paugen {Will+}
  6915 | D:9      | Found a staircase to the Orcish Mines.
  7139 | D:9      | Noticed a troll
  7146 | D:9      | Killed a troll
  7147 | D:9      | Reached skill level 8 in Fighting
  7147 | D:9      | Reached skill level 10 in Shapeshifting
  7147 | D:9      | Reached XP level 10. HP: 54/88 MP: 10/10
  7286 | D:9      | Noticed a soul eater
  7299 | D:8      | Reached skill level 8 in Unarmed Combat
  7300 | D:8      | HP: 21/88 [poisoned by a hornet]
  7518 | D:8      | Noticed a smoke demon
  7537 | D:9      | Noticed Grum
  7547 | D:9      | Killed Grum
  7746 | D:9      | Noticed Harold
  7759 | D:9      | Killed Harold
  8045 | D:9      | Reached skill level 11 in Shapeshifting
  8284 | D:9      | Identified a scroll of acquirement
  8284 | D:9      | Acquired 795 gold pieces
  8306 | D:10     | Entered Level 10 of the Dungeon
  8323 | D:10     | Reached skill level 9 in Fighting
  8385 | D:10     | Noticed Sonja
  8548 | D:10     | HP: 16/91 [poisoned by Sonja]
  8555 | D:10     | HP: 19/91 [Sonja/+0 short sword of venom (1)]
  8557 | D:10     | HP: 5/91 [poisoned by Sonja]
  8558 | D:10     | Succumbed to Sonja's poison

Vanquished Creatures
  Harold (D:9)
  Jeremiah (D:7)
  A kobold demonologist (D:8)
  3 trolls (D:9)
  2 hornets
  A wyvern (D:8)
  A wraith (D:10)
  A yak (D:8)
  A warg (D:9)
  A steam dragon (D:8)
  Grum (D:9)
  3 water moccasins
  3 black bears
  2 orc warriors (D:9)
  A sky beast (D:8)
  4 wolves (D:9)
  A centaur (D:6)
  4 phantoms
  A kobold brigand (D:7)
  A bullfrog (D:8)
  7 scorpions
  6 killer bees (D:8)
  An electric eel (D:7)
  A jelly (D:6)
  A bombardier beetle (D:4)
  4 hounds
  7 orc priests
  2 sleepcaps
  3 iguanas
  Natasha (thrice) (D:2)
  10 orc wizards
  Robin (D:4)
  A gnoll (D:9)
  8 adders
  A dart slug (D:1)
  2 ribbon worms
  22 orcs
  A bat (D:1)
  3 endoplasms
  3 giant cockroaches
  13 goblins
  15 hobgoblins
  3 jackals (D:1)
  14 kobolds
  A quokka (D:2)
  5 ball pythons
  3 frilled lizards
  8 rats
183 creatures vanquished.

Vanquished Creatures (others)
  An orc wizard (D:9)
1 creature vanquished.

Grand Total: 184 creatures vanquished

Table legend:
 A = Non-vault XP
 B = Vault XP
 C = Vault XP percentage of total XP
 D = Non-vault monster count
 E = Vault monster count
 F = Vault count percentage of total count
                 A         B        C        D         E       F
            +---------+---------+-------+---------+---------+-------
      Total |    5643 |    3537 |  38.5 |     131 |      52 |  28.4
            +---------+---------+-------+---------+---------+-------
        D:1 |      50 |       6 |  10.7 |      23 |       4 |  14.8
        D:2 |     104 |      35 |  25.2 |      13 |       1 |   7.1
        D:3 |     135 |      12 |   8.2 |      11 |       6 |  35.3
        D:4 |     791 |      38 |   4.6 |      26 |      12 |  31.6
        D:5 |     168 |       0 |   0.0 |       4 |       0 |   0.0
        D:6 |     818 |       0 |   0.0 |      13 |       0 |   0.0
        D:7 |     359 |     726 |  66.9 |       8 |       6 |  42.9
        D:8 |    1738 |     683 |  28.2 |      23 |       4 |  14.8
        D:9 |    1266 |    2037 |  61.7 |       9 |      19 |  67.9
       D:10 |     214 |       0 |   0.0 |       1 |       0 |   0.0
            +---------+---------+-------+---------+---------+-------

Skill      XL: |  1  2  3  4  5  6  7  8  9 10 |
---------------+-------------------------------+-----
Fighting       | 2 3 4 5 6 8 9 |  9.0
Shapeshifting  | 4 5 6 8 10 11 | 11.0
Unarmed Combat | 4 5 6 7 8 |  8.7
Dodging        | |  1.7

Action                     |  1- 3 |  4- 6 |  7- 9 | 10-12 || total
---------------------------+-------+-------+-------+-------++-------
  Melee: Unarmed           |    97 |   179 |   289 |    94 ||   659
         Tailslap          |     7 |    22 |    45 |    21 ||    95
         Punch             |     3 |     3 |    17 |       ||    23
 Invoke: Sacrifice Artific |       |       |     1 |       ||     1
Ability: Combustion Breath |       |       |     2 |     4 ||     6
  Evoke: Wand              |       |       |     7 |       ||     7
    Use: Scroll            |       |    11 |     8 |     6 ||    25
         Potion            |       |     1 |     1 |     1 ||     3
   Stab: Invisible         |       |       |       |     2 ||     2
 Armour: Skin              |    42 |   100 |   225 |    73 ||   440
  Dodge: Dodged            |    53 |    77 |   208 |    81 ||   419
         Repelled          |     1 |       |     4 |       ||     5
   Form: Flux              |       |       |     1 |       ||     1

Illustrated notes

Table legend:
 A = Kills in this place as a percentage of kills in the entire game.
 B = Kills by you in this place as a percentage of kills by you in the entire game.
 C = Kills by friends in this place as a percentage of kills by friends in the entire game.
 D = Other kills in this place as a percentage of other kills in the entire game.
 E = Experience gained in this place as a percentage of experience gained in the entire game.
 F = Experience gained in this place divided by the number of levels of this place that you have seen.
                   A       B       C       D       E      F
               +-------+-------+-------+-------+-------+----------------------
         Total | 100.0 | 100.0 |   N/A |   N/A | 100.0 | 834.5
       Dungeon | 100.0 | 100.0 |   N/A |   N/A | 100.0 | 918.0
               +-------+-------+-------+-------+-------+----------------------

Table legend: (Time is in decaauts)
 A = Elapsed time spent in this place.
 B = Non-inter-level travel time spent in this place.
 C = Inter-level travel time spent in this place.
 D = Time resting spent in this place.
 E = Time spent auto-exploring this place.
 F = Levels seen in this place.
 G = Mean time per level.
                   A        B        C        D        E       F      G
               +--------+--------+--------+--------+--------+-----+--------+
         Total |   8563 |   8276 |    287 |    868 |   5955 |  11 |  778.5 |
       Dungeon |   8534 |   8273 |    261 |    868 |   5955 |  10 |  853.4 |
        Temple |     28 |      3 |     25 |      0 |      0 |   1 |   28.0 |
               +--------+--------+--------+--------+--------+-----+--------+

Top non-repeatable levels by time:
     D:8: 1805 daAuts
     D:2: 1042 daAuts
     D:4: 1033 daAuts
     D:6: 887 daAuts
     D:9: 864 daAuts
     D:1: 853 daAuts
     D:7: 815 daAuts
     D:3: 572 daAuts
     D:5: 537 daAuts
    D:10: 121 daAuts
  Temple: 28 daAuts
